 Dungeon Crawl Stone Soup version 0.23.0-3-gf3c87f2 (webtiles) character file.

Game seed: 1245136658091893362

61721 Lavandula the Grappler (level 14, -10/127 HPs)
             Began as a Troll Wanderer on Feb 23, 2019.
             Was the Champion of Okawaru.
             Mangled by a deep troll earth mage (13 damage)
             ... on level 2 of the Depths.
             The game lasted 00:43:49 (15324 turns).

Lavandula the Grappler (Troll Wanderer)            Turns: 15324, Time: 00:43:50

Health: -10/127    AC: 12    Str: 32    XL:     14   Next: 61%
Magic:  0/19       EV: 15    Int: 12    God:    Okawaru [******]
Gold:   403        SH: 16    Dex:  7    Spells: 12/15 levels left

rFire    + . .     SeeInvis .     - Unarmed
rCold    . . .     Gourm    +   C - +5 shield {rPois}
rNeg     . . .     Faith    .   c - +1 robe of Olurab {+Fly rF+ Slay+3}
rPois    +         Spirit   +   i - +5 hat of the Armoured One {Str+7}
rElec    .         Reflect  .   v - scarf {Spirit}
rCorr    .         Harm     .   (gloves unavailable)
MR       +....                  (boots unavailable)
Stlth    +.........             m - amulet of magic regeneration
HPRegen  0.71/turn              K - +3 ring of evasion
MPRegen  0.41/turn              Y - +3 ring of slaying

@: no status effects
A: large, unfitting armour, claws 3, fast metabolism 3, gourmand, regeneration
1, shaggy fur 1, tough skin 3
a: Heroism, Finesse, Renounce Religion, Evoke Flight


You were on level 2 of the Depths.
You worshipped Okawaru.
Okawaru was exalted by your worship.
You were completely stuffed.

You visited 3 branches of the dungeon, and saw 18 of its levels.
You also visited: Ossuary.

You collected 1025 gold pieces.
You spent 622 gold pieces at shops.

Inventory:

Hand Weapons
 D - a +0 blowgun
Missiles
 a - 16 large rocks
 e - 10 curare-tipped needles
 g - 3 javelins of penetration (quivered)
 j - 3 javelins of returning
 L - a throwing net
 M - 7 poisoned tomahawks
Armour
 c - the +1 robe of Olurab (worn) {+Fly rF+ Slay+3}
   (You bought it in a shop on level 12 of the Dungeon)

   It affects your accuracy and damage with ranged weapons and melee attacks
   (+3).
   It protects you from fire.
   It lets you fly.
 i - the +5 hat of the Armoured One (worn) {Str+7}
   (Okawaru gifted it to you on level 13 of the Dungeon)

   It affects your strength (+7).
 v - a scarf of spirit shield (worn)
 C - a +5 shield of poison resistance (worn)
 P - +0 fire dragon scales
 Z - +0 ice dragon scales
Jewellery
 m - an amulet of magic regeneration (around neck)
 w - an uncursed ring of resist corrosion
 x - an uncursed ring of positive energy
 K - a +3 ring of evasion (left claw)
 Y - a +3 ring of slaying (right claw)
Wands
 r - a wand of polymorph (18)
 y - a wand of digging (5)
 J - a wand of paralysis (1)
 U - a wand of acid (15)
 X - a wand of clouds (2)
Scrolls
 b - 10 scrolls of teleportation
 o - 5 scrolls of remove curse
 p - 7 scrolls of enchant weapon
 s - 3 scrolls of magic mapping
 z - 2 scrolls of fear
 A - 5 scrolls of fog
 F - 4 scrolls of blinking
 H - 3 scrolls of immolation
 N - 2 scrolls of amnesia
 Q - 2 scrolls of brand weapon
 T - 5 scrolls of identify
 V - a scroll of summoning
 W - a scroll of enchant armour
Potions
 f - 6 potions of might
 h - a potion of berserk rage
 k - 11 potions of curing
 l - a potion of haste
 n - 4 potions of lignification
 q - 2 potions of agility
 t - 2 potions of mutation
 B - a potion of brilliance
 E - 4 potions of flight
 I - a potion of magic
 O - 4 potions of resistance
 S - 2 potions of ambrosia
Miscellaneous
 G - 2 phantom mirrors
 R - a lamp of fire (inert)
Comestibles
 d - 31 rations
 u - 4 chunks of flesh


   Skills:
 - Level 5.5 Fighting
   Level 2.6 Maces & Flails
 - Level 10.7 Throwing
 - Level 6.6 Dodging
 - Level 9.0 Shields
 - Level 14.5 Unarmed Combat
 - Level 1.0 Spellcasting
   Level 1.2 Hexes
 - Level 8.0 Invocations
 - Level 4.7 Evocations


You had 12 spell levels left.
You knew the following spells:

 Your Spells              Type           Power        Failure   Level  Hunger
a - Mephitic Cloud        Conj/Pois/Air  #.......     65%         3    ####...

Your spell library contained the following spells:

 Spells                   Type           Power        Failure   Level  Hunger
 Corona                   Hex            #......      19%         1    ##.....
 Sandblast                Erth           #.....       30%         1    ##.....
 Shock                    Conj/Air       #...         30%         1    ##.....
 Ensorcelled Hibernation  Hex/Ice        #.....       34%         2    ###....
 Passwall                 Tmut/Erth      #.......     41%         2    ###....
 Poisonous Vapours        Pois/Air       #.....       41%         2    ###....
 Swiftness                Chrm/Air       #.......     41%         2    ###....
 Confuse                  Hex            #.......     47%         3    ####...
 Tukima's Dance           Hex            #.......     47%         3    ####...
 Dazzling Spray           Conj/Hex       #.....       56%         3    ####...
 Conjure Flame            Conj/Fire      #.......     65%         3    ####...
 Static Discharge         Conj/Air       #.......     65%         3    ####...
 Stone Arrow              Conj/Erth      #.....       65%         3    ####...
 Airstrike                Air            #.........   96%         4    #####..
 Petrify                  Tmut/Erth      #.......     96%         4    #####..
 Lee's Rapid Deconstruct  Erth           #.........   100%        5    ######.
 Lightning Bolt           Conj/Air       #.........   100%        5    ######.
 Freezing Cloud           Conj/Ice/Air   #.........   100%        6    #######
 Ring of Flames           Chrm/Fire      #.........   100%        7    #######


Dungeon Overview and Level Annotations

Branches:
Dungeon (15/15)            Temple (1/1) D:7            Lair (0/6) D:10
    Orc (0/2) D:12         Vaults (0/5) D:13         Depths (2/5) D:15

Altars:
Ashenzari
Cheibriados
Dithmenos
Elyvilon
Fedhas
Gozag
Hepliaklqana
Kikubaaqudgha
Makhleb
Nemelex Xobeh
Okawaru
Qazlal
Ru
Sif Muna
Trog
Uskayaw
Vehumet
Wu Jian
Xom
Yredelemnul
Zin
The Shining One

Shops:
D:9 :??   D:12 [   D:15 [


Innate Abilities, Weirdness & Mutations

You are too large for most types of armour.
You have claws for hands.
Your metabolism is lightning-fast.
You like to eat raw meat.
Your natural rate of healing is unusually fast.
You are covered in fur. (AC +1)
You have extremely tough skin. (AC +3)


Message History

The javelin of penetration pierces through the deep troll earth mage!!
The deep troll earth mage is heavily wounded.
The javelin of penetration pierces through the juggernaut simulacrum!!
The juggernaut simulacrum is heavily damaged.
The hell knight gestures wildly while chanting.
The hell knight blinks!
You claw the deep troll earth mage!
The deep troll earth mage is severely wounded.
You scratch the juggernaut simulacrum.
The juggernaut simulacrum is heavily damaged.
You block the deep troll earth mage's attack. x2
The deep troll earth mage completely misses you.
The juggernaut simulacrum hits you!!!
The juggernaut simulacrum freezes you!!!
The juggernaut simulacrum hits you!
* * * LOW HITPOINT WARNING * * *
The juggernaut simulacrum freezes you!!
* * * LOW HITPOINT WARNING * * *
The deep troll earth mage bites you!
You die...

#####
#.).#
#.@.#
#ZT.#
#C..#
...(...
#...#...#
..(..
.....
#####.
.##### #(
.' #. .#


You could see a fire giant, a deep troll earth mage and a juggernaut simulacrum.

Vanquished Creatures
  A sphinx (Depths:1)
  The ghost of Lyniq the Alchemist, a journeyman DrTm of Wu Jian (D:15)
  The ghost of Yamstis the Nimble, an adept GnMo of Makhleb (D:15)
  A fire giant (Depths:1)
  The ghost of Acoasm the Carver, a journeyman DsGl of Makhleb (D:15)
  The ghost of Giaff the Carver, a journeyman DsGl of Makhleb (D:15)
  A stone giant (Depths:1)
  Nessos (D:15)
  A deep elf annihilator (Depths:1)
  A rakshasa (Depths:1)
  A hydra (D:14)
  A spriggan air mage (Depths:1)
  An ice dragon (Depths:1)
  A centaur warrior (D:13)
  A catoblepas (D:13)
  5 two-headed ogres
  An ogre mage (D:13)
  A deep troll shaman (Depths:1)
  4 tengu warriors
  A deep elf knight (D:13)
  2 skeletal warriors
  A wizard (D:14)
  A flayed ghost (D:15)
  Pikel (D:4)
  A tengu zombie (D:15)
  7 ugly things
  A wolf spider (D:15)
  An orc knight (D:13)
  2 necromancers
  14 deep elf magi
  4 manticores
  3 cyclopes
  A frost giant skeleton (D:15)
  Maurice (D:9)
  Joseph (D:8)
  A spiny frog (shapeshifter) (D:13)
  2 kobold demonologists (D:11)
  2 efreet
  3 hornets (D:11)
  A guardian mummy (D:15)
  3 trolls
  A hippogriff (shapeshifter) (D:10)
  5 hippogriffs
  11 slime creatures
  Grinder (D:4)
  A deep troll skeleton (D:15)
  A spriggan zombie (D:15)
  3 shadows
  2 wyverns
  2 wraiths
  4 fire bats (D:14)
  11 yaks
  Eustachio (D:4)
  2 hungry ghosts
  6 vampire mosquitoes
  Menkaure (D:4)
  An acid dragon (D:13)
  A hell hound (D:14)
  A soldier ant (D:11)
  9 orc warriors
  4 ice beasts
  2 black bears
  An eye of draining (D:15)
  4 boggarts (D:15)
  A necrophage (D:8)
  15 ogres
  3 centaurs
  4 phantoms
  A crocodile (D:12)
  A big kobold (D:7)
  11 bullfrogs
  A wyvern skeleton (D:12)
  2 water moccasin skeletons
  10 scorpions
  14 killer bees
  5 wights (D:15)
  7 howler monkeys
  An electric eel (D:13)
  2 crimson imps
  2 lava snakes (D:14)
  4 centaur zombies
  A quasit (D:7)
  3 bullfrog zombies
  A human zombie (Ossuary)
  7 jellies
  14 orc wizards
  14 orc priests
  8 centaur skeletons
  5 hounds
  Natasha (twice) (D:4)
  4 bullfrog skeletons
  Jessica (D:3)
  5 iguanas
  15 worker ants
  3 big kobold zombies (Ossuary)
  A hound zombie (D:5)
  3 hound skeletons
  A worker ant zombie (D:5)
  3 mummies (Ossuary)
  9 gnolls
  4 scorpion zombies (Ossuary)
  10 adders
  2 shadow imps
  An ooze (D:3)
  2 adder skeletons
  3 worms
  5 dart slugs
  5 leopard geckos
  69 orcs
  4 giant cockroaches
  15 hobgoblins
  10 jackals
  4 quokkas
  A ball python (D:5)
  7 bats
  8 frilled lizards
  6 gnoll zombies
  14 goblins
  A hobgoblin zombie (Ossuary)
  A jackal skeleton (D:7)
  33 kobolds
  2 kobold zombies (Ossuary)
  17 rats
  A fire vortex (D:14)
564 creatures vanquished.

Vanquished Creatures (others)
  A centaur skeleton (D:15)
  A slave (D:4)
  Natasha (D:4)
  A fire vortex (D:14)
4 creatures vanquished.

Grand Total: 568 creatures vanquished

Notes
Turn   | Place    | Note
-------+----------+-------------------------------------------
     0 | D:1      | Lavandula the Troll Wanderer began the quest for the Orb.
     0 | D:1      | Lavandula set off with the following items: a +2 mace, a
                  | scroll of teleportation, a +0 robe, 2 rations
     0 | D:1      | Reached XP level 1. HP: 16/16 MP: 1/1
    45 | D:1      | Reached skill level 1 in Unarmed Combat
   177 | D:1      | Reached XP level 2. HP: 24/24 MP: 2/2
   327 | D:1      | Reached skill level 2 in Unarmed Combat
   827 | D:1      | Reached XP level 3. HP: 31/31 MP: 3/3
   952 | D:2      | Reached skill level 3 in Unarmed Combat
  1084 | D:2      | Found an opulent altar of Gozag.
  1150 | D:2      | Found an ancient bone altar of Kikubaaqudgha.
  1399 | D:2      | Reached XP level 4. HP: 39/39 MP: 4/4
  1573 | D:3      | Reached skill level 4 in Unarmed Combat
  1592 | D:3      | Reached XP level 5. HP: 40/45 MP: 5/5
  1605 | D:3      | Reached skill level 5 in Unarmed Combat
  1646 | D:3      | Noticed Jessica
  1665 | D:3      | Killed Jessica
  2226 | D:4      | Noticed Menkaure
  2233 | D:4      | Killed Menkaure
  2233 | D:4      | Reached skill level 6 in Unarmed Combat
  2233 | D:4      | Reached XP level 6. HP: 26/53 MP: 6/6
  2274 | D:4      | Found a hazy altar of Hepliaklqana.
  2350 | D:4      | Reached skill level 7 in Unarmed Combat
  2472 | D:4      | Noticed Eustachio
  2492 | D:4      | Reached XP level 7. HP: 39/59 MP: 7/7
  2545 | D:4      | Killed Eustachio
  2545 | D:4      | Reached skill level 8 in Unarmed Combat
  2584 | D:4      | Noticed Pikel
  2598 | D:4      | Killed Pikel
  2598 | D:4      | Reached XP level 8. HP: 34/67 MP: 8/8
  2639 | D:4      | Noticed Grinder
  2660 | D:4      | Killed Grinder
  2660 | D:4      | Reached skill level 5 in Dodging
  2661 | D:4      | Noticed Natasha
  2670 | D:4      | Killed Natasha
  2752 | D:4      | Found a deep blue altar of Sif Muna.
  2797 | D:4      | Killed Natasha
  2798 | D:4      | Noticed Natasha
  2805 | D:4      | Killed Natasha
  3255 | D:5      | Entered Level 5 of the Dungeon
  3565 | D:5      | Reached skill level 1 in Fighting
  3797 | D:5      | Reached XP level 9. HP: 76/80 MP: 9/9
  4028 | D:6      | Reached skill level 1 in Evocations
  4139 | D:6      | Found a stormy altar of Qazlal.
  4580 | D:7      | Found a staircase to the Ecumenical Temple.
  4581 | D:7      | Found a sand-covered staircase.
  4588 | Ossuary  | Entered an ossuary
  4966 | Ossuary  | Identified a scroll of acquirement
  5411 | D:7      | Found a glowing silver altar of Zin.
  5680 | D:7      | Reached XP level 10. HP: 75/88 MP: 12/12
  5709 | D:7      | Noticed a manticore
  5722 | D:7      | Killed a manticore
  5722 | D:7      | Reached skill level 5 in Shields
  6007 | D:7      | Found a basalt altar of Yredelemnul.
  6395 | D:8      | Noticed a two-headed ogre
  6412 | D:8      | Killed a two-headed ogre
  6564 | D:8      | Noticed Joseph
  6583 | D:8      | Killed Joseph
  6685 | D:8      | Found a glowing golden altar of the Shining One.
  6686 | D:8      | Found a snail-covered altar of Cheibriados.
  6686 | D:8      | Found a bloodstained altar of Trog.
  6687 | D:8      | Found a shimmering altar of Xom.
  7008 | D:9      | Found Laryt's Book Boutique.
  7064 | D:9      | Found Koen's Magic Scroll Emporium.
  7072 | D:9      | Bought a scroll of vulnerability for 90 gold pieces
  7072 | D:9      | Bought a scroll of amnesia for 42 gold pieces
  7072 | D:9      | Bought a scroll of teleportation for 36 gold pieces
  7072 | D:9      | Bought a scroll of magic mapping for 42 gold pieces
  7119 | D:9      | Noticed Maurice
  7137 | D:9      | Paralysed by something for 2 turns
  7162 | D:9      | Killed Maurice
  7223 | D:9      | Found Roph's Magic Scroll Boutique.
  7231 | D:9      | You fall through a shaft for 3 floors!
  7256 | D:12     | Noticed a manticore
  7266 | D:12     | Killed a manticore
  7266 | D:12     | Reached XP level 11. HP: 63/94 MP: 13/13
  7295 | D:12     | Found Resh's Armour Boutique.
  7583 | D:11     | Reached skill level 9 in Unarmed Combat
  7658 | D:10     | Entered Level 10 of the Dungeon
  7658 | D:10     | Found a deep blue altar of Sif Muna.
  8188 | Temple   | Entered the Ecumenical Temple
  8411 | Temple   | Became a worshipper of Warmaster Okawaru
  8745 | D:10     | Reached skill level 10 in Unarmed Combat
  8874 | D:10     | Found a staircase to the Lair.
  9070 | D:10     | Reached * piety under Okawaru
  9264 | D:11     | Noticed a two-headed ogre
  9273 | D:11     | Killed a two-headed ogre
  9313 | D:11     | Reached ** piety under Okawaru
  9323 | D:11     | Reached skill level 11 in Unarmed Combat
  9401 | D:11     | Paralysed by a hornet for 1 turns
  9860 | D:12     | Reached *** piety under Okawaru
  9863 | D:12     | Reached skill level 12 in Unarmed Combat
  9865 | D:12     | Noticed a two-headed ogre
  9874 | D:12     | Killed a two-headed ogre
  9991 | D:12     | Reached **** piety under Okawaru
  9991 | D:12     | Reached XP level 12. HP: 35/104 MP: 14/14
  9996 | D:12     | Learned a level 3 spell: Mephitic Cloud
 10481 | D:12     | Reached skill level 13 in Unarmed Combat
 10716 | D:12     | Found a staircase to the Orcish Mines.
 10878 | D:13     | Noticed a tengu warrior
 10891 | D:13     | Killed a tengu warrior
 11163 | D:12     | Bought the +1 robe of Olurab {+Fly rF+ Slay+3} for 412 gold
                  | pieces
 11285 | D:13     | Received a gift from Okawaru
 11285 | D:13     | Reached skill level 5 in Fighting
 11390 | D:13     | Noticed a two-headed ogre
 11392 | D:13     | Noticed a centaur warrior
 11420 | D:13     | Killed a two-headed ogre
 11424 | D:13     | Killed a centaur warrior
 11424 | D:13     | Reached ***** piety under Okawaru
 11609 | D:13     | Noticed an ogre mage
 11619 | D:13     | Reached skill level 1 in Invocations
 11644 | D:13     | Killed an ogre mage
 11644 | D:13     | Received a gift from Okawaru
 11654 | D:13     | HP: 7/166 [deep elf mage/bolt of magma (31)]
 11850 | D:13     | Reached skill level 5 in Invocations
 11915 | D:13     | Reached XP level 13. HP: 118/119 MP: 15/15
 11962 | D:13     | Received a gift from Okawaru
 11962 | D:13     | Reached skill level 5 in Throwing
 11963 | D:13     | Got a scorched hat {god gift}
 11969 | D:13     | Identified the +5 hat of the Armoured One {Str+7} (Okawaru
                  | gifted it to you on level 13 of the Dungeon)
 12272 | D:13     | Reached ****** piety under Okawaru
 12314 | D:13     | Found a gate to the Vaults.
 13345 | D:15     | Entered Level 15 of the Dungeon
 13355 | D:15     | Found Tuenuu's Armour Emporium.
 13380 | D:15     | Noticed Nessos
 13397 | D:15     | Killed Nessos
 13543 | D:15     | Received a gift from Okawaru
 13676 | D:15     | Found a staircase to the Depths.
 14147 | D:15     | Reached XP level 14. HP: 122/127 MP: 19/19
 14170 | D:15     | Received a gift from Okawaru
 14197 | D:15     | Found a runed translucent gate.
 14197 | D:15     | Noticed Yamstis's ghost (adept GnMo)
 14198 | D:15     | Found a runed translucent gate.
 14198 | D:15     | Found a runed translucent gate.
 14198 | D:15     | Noticed Giaff's ghost (journeyman DsGl)
 14198 | D:15     | Noticed Lyniq's ghost (journeyman DrTm)
 14199 | D:15     | Noticed Acoasm's ghost (journeyman DsGl)
 14239 | D:15     | Killed Yamstis's ghost
 14239 | D:15     | Reached skill level 10 in Throwing
 14252 | D:15     | Killed Giaff's ghost
 14257 | D:15     | Killed Lyniq's ghost
 14274 | D:15     | Killed Acoasm's ghost
 14628 | Depths:1 | Entered Level 1 of the Depths
 14832 | Depths:1 | Noticed a stone giant
 14843 | Depths:1 | Killed a stone giant
 14982 | Depths:2 | Noticed a sphinx
 14984 | Depths:2 | Paralysed by a sphinx for 3 turns
 15119 | Depths:1 | Reached skill level 14 in Unarmed Combat
 15140 | Depths:1 | Paralysed by a sphinx for 7 turns
 15156 | Depths:1 | Killed a sphinx
 15221 | Depths:2 | Noticed a fire giant
 15240 | Depths:2 | Noticed a fire giant
 15249 | Depths:1 | Killed a fire giant
 15323 | Depths:2 | HP: 2/127 [juggernaut simulacrum (31)]
 15324 | Depths:2 | Mangled by a deep troll earth mage

Skill      XL: |  1  2  3  4  5  6  7  8  9 10 11 12 13 14 |
---------------+-------------------------------------------+-----
Unarmed Combat | 1 2 3 4 6 7 8 12 13 14 | 14.5
Dodging        | 4 6 |  6.6
Fighting       | 2 5 |  5.5
Evocations     | 4 |  4.7
Shields        | 4 8 9 |  9.0
Throwing       | 4 9 10 | 10.7
Invocations    | 5 8 |  8.0
Maces & Flails | |  2.6
Spellcasting   | |  1.0
Hexes          | |  1.2

Action                   |  1- 3 |  4- 6 |  7- 9 | 10-12 | 13-15 || total
-------------------------+-------+-------+-------+-------+-------++-------
Melee: Mace              |    60 |       |       |       |       ||    60
       Punch             |     1 |     2 |    18 |       |       ||    21
       Unarmed           |    64 |   134 |   526 |   792 |   384 ||  1900
Throw: Tomahawk          |       |       |    16 |    61 |    13 ||    90
       Javelin           |       |       |       |    18 |    16 ||    34
       Large rock        |       |       |       |       |    33 ||    33
Invok: Heroism           |       |       |       |     5 |     4 ||     9
       Finesse           |       |       |       |       |     1 ||     1
Evoke: Wand              |       |       |       |    12 |     7 ||    19
       Lamp of fire      |       |       |       |       |     1 ||     1
  Use: Scroll            |     5 |     2 |    14 |     7 |     5 ||    33
       Potion            |       |       |       |     6 |     3 ||     9
 Stab: Sleeping          |     2 |       |     1 |       |       ||     3
       Paralysed         |       |       |       |     3 |       ||     3
  Eat: Chunk             |    17 |     6 |    35 |    57 |    31 ||   146
       Ration            |       |       |       |     1 |     1 ||     2
Armor: Robe              |    35 |    45 |   119 |    76 |    51 ||   326
       Skin              |       |       |       |     4 |       ||     4
       Ice dragon scales |       |       |       |       |    15 ||    15
Dodge: Dodged            |    43 |    52 |   230 |   272 |   111 ||   708
Block: Shield            |       |       |    69 |   519 |   214 ||   802
